AoeStats
← Zagnaros

Arabia

509552476Analyzed
1v1 RM · 6d ago on Sep 27, 2026· 53m 34s· 2 players
Game mode
Random Map
Map size
Tiny (2 player)
Population
200
Speed
Normal
Resources
Standard
Victory
Conquest
Starting age
Dark Age
Ending age
Imperial Age
RankedLock teamsTeams togetherTeam positionsShared explorationLock speedFull tech treeHidden civsTurbo modeCheats
Victory
Defeat
🇳🇿 Jurchens · New Zealand
954
+16
🇫🇷 Mongols · France
956
-16
Wrecking Ball Paul
5:05 Loom
12:49 Feudal Age
14:17 Double-Bit Axe
14:15 Horse Collar
21:44 Castle Age
20:30 Gold Mining
22:09 Bloodlines
23:11 Husbandry
25:49 Squires
26:17 Forging
31:02 Wheelbarrow
30:12 Town Watch
35:32 Imperial Age
36:34 Bow Saw
36:26 Heavy Plow
37:37 Sanctity
37:33 Block Printing
37:22 Squires
37:26 Scale Mail Armor
37:32 Scale Barding Armor
41:06 Heavy Scorpion
41:07 Capped Ram
42:27 Gold Shaft Mining
41:42 Light Cavalry
44:07 Elite Skirmisher
46:17 Hand Cart
46:18 Padded Archer Armor
46:08 Fletching
46:39 Chain Barding Armor
46:55 Iron Casting
46:47 Fortified Bastions
49:13 Hussar
51:09 Bodkin Arrow
51:30 Leather Archer Armor
51:07 Siege Ram
Zagnaros
8:36 Feudal Age
8:06 Loom
9:05 Double-Bit Axe
12:27 Horse Collar
20:53 Castle Age
18:52 Gold Mining
20:48 Bloodlines
21:19 Scale Barding Armor
22:24 Wheelbarrow
22:02 Bow Saw
21:56 Heavy Plow
21:51 Stone Mining
24:26 Husbandry
24:35 Fletching
25:55 Bodkin Arrow
33:41 Thumb Ring
35:44 Ballistics
38:51 Imperial Age
39:34 Bracer
39:34 Padded Archer Armor
39:55 Chain Barding Armor
40:38 Chemistry
41:11 Parthian Tactics
41:21 Elite Mangudai
45:11 Herbal Medicine
Connection lost

Rejoining the realm…

Still unreachable

The connection could not be restored.

Session expired

The server has moved on; the page needs a fresh start.